 Dungeon Crawl Stone Soup version 0.28.0-45-g0d030f2227 (webtiles) character file.

Game seed: 17838784105743207092

379 RascalDebosk the Skirmisher (level 6, -1/55 HPs)
             Began as a Minotaur Fighter on Apr 17, 2022.
             Slain by an orc wizard
             ... wielding a +0 dagger of venom
              (4 damage)
             ... on level 4 of the Dungeon.
             The game lasted 00:17:15 (2822 turns).

RascalDebosk the Skirmisher (Minotaur Fighter)      Turns: 2822, Time: 00:17:16

Health: -1/55      AC:  8    Str: 23    XL:     6   Next: 45%
Magic:  5/5        EV:  9    Int:  5    God:
Gold:   151        SH:  0    Dex:  9    Spells: 5/5 levels left

rFire   . . .      SeeInvis .   a - +0 war axe
rCold   . . .      Faith    .   c - +0 buckler
rNeg    . . .      Spirit   .   b - +0 scale mail
rPois   .          Reflect  .   (helmet restricted)
rElec   .          Harm     .   (no cloak)
rCorr   .          Rampage  .   h - +0 pair of gloves
Will    .....                   (no boots)
Stlth   ..........              (no amulet)
HPRegen 0.18/turn               (no ring)
MPRegen 0.09/turn               (no ring)

@: confused, lethally poisoned (-1 -> -4)
A: horns 2, retaliatory headbutt
a: no special abilities


You were on level 4 of the Dungeon.
You visited 1 branch of the dungeon, and saw 4 of its levels.

You collected 151 gold pieces.

Inventory:

Hand Weapons
 a - a +0 war axe (weapon)
 m - a +0 flail
Missiles
 j - 15 poisoned darts (quivered)
 k - 2 curare-tipped darts
 t - 2 boomerangs
Armour
 b - a +0 scale mail (worn)
 c - a +0 buckler (worn)
 h - a +0 pair of gloves (worn)
Jewellery
 q - a ring of magical power
Wands
 n - a wand of iceblast (5)
 o - a wand of charming (6)
 r - a wand of flame (7)
Scrolls
 e - a scroll of teleportation {unknown}
 f - a scroll of silence {unknown}
 i - a scroll of magic mapping {unknown}
 l - a scroll of identify {unknown}
 p - a scroll of immolation {unknown}
 s - a scroll of acquirement {unknown}
Potions
 d - a potion of might
 g - a potion of mutation {unknown}


   Skills:
 + Level 4.9 Fighting
 + Level 4.0 Axes
 + Level 2.3 Throwing
 + Level 4.9 Armour
 + Level 4.8 Shields
 + Level 2.1 Evocations


You had 5 spell levels left.
You didn't know any spells.
Your spell library was empty.

Dungeon Overview and Level Annotations

Branches:
Dungeon (4/15)
 Temple: D:4-7

Altars:
Elyvilon


Innate Abilities, Weirdness & Mutations

You have a pair of horns on your head.
You reflexively headbutt those who attack you in melee.


Message History

You are more poisoned.
You hit something. You miss something.
You feel very sick. Something hits you but does no damage.
You block something's attack. Something hits you.
You closely miss something. x2; You feel sick.
You hear some strange, mumbled words.
A magic dart appears from out of thin air!
The magic dart hits you. Something hits you.
Something hits you but does no damage.
You are more poisoned.
You miss something. You hit something.
You feel very sick.
You hear some strange, mumbled words.
A magic dart appears from out of thin air!
The magic dart hits you. Something hits you but does no damage.
A gnoll comes into view. It is wielding a +0 flail.
You closely miss something. Your headbutt misses something. You hit something.
You feel sick. Something hits you but does no damage.
You hear some strange, mumbled words.
You are confused.
Something hits you but does no damage.
You hear some strange, mumbled words.
A magic dart appears from out of thin air!
The magic dart hits you.
* * * LOW HITPOINT WARNING * * *
You miss the gnoll. Your headbutt misses the gnoll. You barely miss something.
You closely miss something.
You feel sick. Something hits you.
* * * LOW HITPOINT WARNING * * *
The gnoll barely misses you.
You hear some strange, mumbled words.
A magic dart appears from out of thin air!
The magic dart hits you.
* * * LOW HITPOINT WARNING * * *
You miss something. Your headbutt misses something. You closely miss something.
You miss the gnoll.
You feel sick. Something hits you but does no damage.
The gnoll hits you with a +0 flail.
* * * LOW HITPOINT WARNING * * *
Something hits you.
You die...

#...# #...# >#.. #...#
... #...# #..... #...#
#.##.. #...# #.##.##
#####...#####.##o.
...............#{#
†..)...........#@#
...)...........{g###.#
#####...#####........#
#...####.###.#.###
#.......## ##..#
#....#.## #.# #....#.#
... #......# ##.
......##. .


You could see a gnoll and an orc.

Vanquished Creatures
  A necrophage (D:3)
  A phantom (D:4)
  Ijyb (D:3)
  A hound (D:4)
  Terence (D:3)
  An orc wizard (D:4)
  4 adders
  A white imp (D:3)
  3 worms
  A dart slug (D:1)
  5 orcs
  2 endoplasms
  A giant cockroach (D:3)
  4 goblins
  6 hobgoblins
  3 quokkas (D:1)
  7 ball pythons
  7 bats
  6 frilled lizards
  4 kobolds
  4 rats
64 creatures vanquished.

Vanquished Creatures (others)
  A giant cockroach (D:3)
  12 plants (D:3)
  2 withered plants (D:2)
15 creatures vanquished.

Grand Total: 79 creatures vanquished

Notes
Turn   | Place    | Note
-------+----------+-------------------------------------------
     0 | D:1      | RascalDebosk the Minotaur Fighter began the quest for the
                  | Orb.
     0 | D:1      | Reached XP level 1. HP: 19/19 MP: 0/0
   287 | D:1      | Reached XP level 2. HP: 22/27 MP: 1/1
   913 | D:2      | Reached XP level 3. HP: 11/33 MP: 2/2
  1381 | D:2      | Reached skill level 1 in Throwing
  1423 | D:2      | Found a faded altar of an unknown god.
  1432 | D:2      | Reached skill level 1 in Evocations
  1627 | D:3      | Reached XP level 4. HP: 40/40 MP: 3/3
  1635 | D:3      | Found a white marble altar of Elyvilon.
  1688 | D:3      | Noticed Ijyb
  1696 | D:3      | Killed Ijyb
  2244 | D:3      | Noticed Terence
  2252 | D:3      | Killed Terence
  2253 | D:3      | Reached XP level 5. HP: 37/47 MP: 4/4
  2368 | D:3      | Noticed a necrophage
  2374 | D:3      | Killed a necrophage
  2632 | D:4      | Reached XP level 6. HP: 53/53 MP: 5/5
  2822 | D:4      | Slain by an orc wizard

Illustrated notes

Levels and vault maps discovered:
D:1:      minmay_arrival_doors, layout_basic
D:2:      layout_basic, ebering_ecumenical_altar_petrified
D:3:      kb_forest_paths, layout_basic, nicolae_elyvilon_temple_path,
          lemuel_flame_loot_1, uniq_ijyb, uniq_terence
D:4:      layout_loops_cross, temple_statues, uniq_grinder, uniq_sigmund,
          uniq_blork_the_orc

Skill      XL: |  1  2  3  4  5  6 |
---------------+-------------------+-----
Fighting       | 4 |  4.9
Armour         | 4 |  4.9
Shields        | 4 |  4.8
Throwing       | 1 2 |  2.3
Axes           | 3 4 |  4.0
Evocations     | 1 2 |  2.1

Action                   |  1- 3 |  4- 6 || total
-------------------------+-------+-------++-------
Melee: War axe           |    81 |    88 ||   169
       Headbutt          |    16 |    11 ||    27
Throw: Dart              |     6 |     7 ||    13
Evoke: Wand              |       |     4 ||     4
  Use: Potion            |       |     1 ||     1
Armor: Scale mail        |    55 |    28 ||    83
Dodge: Dodged            |    40 |    20 ||    60
Block: Buckler           |    14 |    12 ||    26
